 Dungeon Crawl Stone Soup version 0.21.0-24-g2553a33 (webtiles) character file.

81 Monsterracer the Slasher (level 4, -8/34 HPs)
             Began as a Vampire Abyssal Knight on Jan 19, 2018.
             Was a Believer of Lugonu.
             Killed from afar by an orc wizard (12 damage)
             ... with a magic dart
             ... on level 3 of the Dungeon.
             The game lasted 00:02:17 (1886 turns).

Monsterracer the Slasher (Vampire Abyssal Knight)   Turns: 1886, Time: 00:02:18

Health: -8/34      AC:  3    Str: 12    XL:     4   Next: 19%
Magic:  5/5        EV: 12    Int: 14    God:    Lugonu [**....]
Gold:   71         SH:  0    Dex: 13    Spells: 3/3 levels left

rFire    . . .     SeeInvis +   a - +1 falchion
rCold    . . .     Gourm    .   (no shield)
rNeg     . . .     Faith    .   k - +0 leather armour
rPois    .         Spirit   .   (no helmet)
rElec    .         Reflect  .   (no cloak)
rCorr    .         Harm     .   (no gloves)
MR       .....                  (no boots)
Stlth    +.........             e - amulet of rage
HPRegen  0.31/turn              (no ring)
MPRegen  0.09/turn              (no ring)

@: regenerating quickly
A: fangs 3, see invisible, unbreathing
a: Depart the Abyss, Bend Space, Renounce Religion, Evoke Berserk Rage


You were on level 3 of the Dungeon.
You worshipped Lugonu.
Lugonu was pleased with you.
You were very full.

You visited 1 branch of the dungeon, and saw 3 of its levels.
You visited the Abyss 1 time.

You collected 71 gold pieces.

Inventory:

Hand Weapons
 a - a +1 falchion (weapon)
 b - a +0 short sword of venom
Armour
 k - a +0 leather armour (worn)
Jewellery
 e - an amulet of rage (around neck)
 l - a cursed amulet of inaccuracy {unknown}
Scrolls
 c - a scroll of immolation {unknown}
 g - 2 scrolls of enchant armour {unknown}
 h - a scroll of teleportation {unknown}
 j - a scroll of identify {unknown}
 m - a scroll of remove curse {unknown}
Potions
 d - 2 potions of blood
 f - 2 potions of curing
 i - 2 potions of heal wounds {unknown}
 n - a potion of lignification {unknown}


   Skills:
 - Level 2.6 Fighting
 + Level 4.5 Long Blades
 - Level 0.7 Armour
 - Level 2.1 Dodging
 - Level 1.5 Invocations


You had 3 spell levels left.
You didn't know any spells.

Dungeon Overview and Level Annotations

Branches:
Dungeon (3/15)

Altars:


Innate Abilities, Weirdness & Mutations

Your natural rate of healing is unusually fast.
You have razor-sharp teeth.
You have supernaturally acute eyesight. (SInv)
You can survive without breathing.


Message History

Lugonu accepts your kill.
You see here a kobold corpse.
You bottle the corpse's blood.
d - 2 potions of blood (gained 1)
There is a stone staircase leading down here.
Things that are here:
a leather armour; a club; an orc corpse You bottle the corpse's blood.
d - 3 potions of blood (gained 1)
Things that are here:
a leather armour; a club; an orc skeleton
There is a stone staircase leading down here.
You start resting.
HP restored.
Health restored: 34 Yummy - fresh blood!
You climb downwards.
A frilled lizard and a dart slug come into view.
The frilled lizard hisses angrily.
The orc wizard mumbles some strange words.
The orc wizard blinks!
There is a stone staircase leading up here.
The orc wizard points at you and mumbles some strange words.
You are confused.
The orc wizard hits you but does no damage.
The orc wizard closely misses you.
You hit the orc wizard.
The orc wizard is lightly wounded.
The orc wizard barely misses you. The dart slug launches a dart at you.
The slug dart hits you!
The orc wizard gestures wildly while chanting.
The orc wizard blinks!
You take 2 damage, and have 32/34 hp.
The orc wizard gestures at you while chanting.
You resist with some effort.
The orc wizard gestures wildly while chanting.
The orc wizard seems to speed up.
The frilled lizard bites you but does no damage.
The orc wizard gestures wildly while chanting.
The orc wizard flickers and vanishes for a moment.
The orc wizard points at you and mumbles some strange words.
You resist with some effort.
You closely miss the orc wizard. You bite the orc wizard.
The orc wizard is moderately wounded.
The orc wizard hits you with a dagger. The orc wizard closely misses you.
The frilled lizard bites you.
You take 8 damage, and have 24/34 hp.
MASSIVE DAMAGE!!
It was a potion of curing.
You feel better. The orc wizard completely misses you.
You riposte.
You hit the orc wizard.
The orc wizard is heavily wounded.
The orc wizard closely misses you. The orc wizard hits you with a dagger.
The orc wizard hits you but does no damage.
The frilled lizard barely misses you.
You regained 3 hp, and now have 27/34 hp.
The orc wizard hits you but does no damage.
The orc wizard gestures at you while chanting.
You resist with some effort. The orc wizard closely misses you.
The orc wizard barely misses you.
You riposte.
You hit the orc wizard.
The orc wizard is heavily wounded.
The orc wizard hits you but does no damage.
The orc wizard gestures wildly while chanting.
The orc wizard seems to speed up.
The orc wizard gestures wildly while chanting.
The orc wizard blinks!
The dart slug bites you.
You take 1 damage, and have 26/34 hp.
The dart slug misses you.
You closely miss the frilled lizard. The orc wizard hits you with a dagger.
The orc wizard casts a spell.
The orc wizard blinks!
The frilled lizard bites you but does no damage.
You take 2 damage, and have 24/34 hp.
The orc wizard casts a spell.
The orc wizard blinks!
The orc wizard gestures wildly while chanting.
The orc wizard blinks!
The dart slug completely misses you. The frilled lizard bites you.
The orc wizard points at you and mumbles some strange words.
You resist with some effort.
The orc wizard hits you with a dagger. x2
The frilled lizard bites you but does no damage.
A kobold comes into view.
You take 2 damage, and have 22/34 hp.
The orc wizard points at you and mumbles some strange words.
The magic dart hits you!
* * * LOW HITPOINT WARNING * * *
The frilled lizard bites you but does no damage.
The orc wizard hits you with a dagger.
* * * LOW HITPOINT WARNING * * *
The orc wizard hits you with a dagger.
* * * LOW HITPOINT WARNING * * *
You take 15 damage, and have 7/34 hp.
MASSIVE DAMAGE!!
The orc wizard closely misses you.
There is a stone staircase leading up here.
The orc wizard casts a spell at you. The magic dart hits you!
* * * LOW HITPOINT WARNING * * *
The orc wizard points at you and mumbles some strange words.
The magic dart hits you!
You die...

.# #.#.#..#
..#.# #.#
#.#.#.##..#.#
#.#
#.#........#
#.#
#....K..##..
#.#+..........
#.#.#...w..#
#.#....l..#
#....ooo.#
+.....#@.#
#...#.##.#
#......# .#
#.#.#.#.# .#
####.#..# ..
## #.. .. .#.
... # . ...


You could see 3 orc wizards, a dart slug, a kobold and a frilled lizard.

Vanquished Creatures
  3 adders (D:2)
  2 worms (D:2)
  2 orcs (D:2)
  A giant cockroach (D:1)
  7 goblins
  7 hobgoblins
  7 jackals
  8 kobolds
  3 bats
  4 rats (D:2)
44 creatures vanquished.

Notes
Turn   | Place    | Note
-------+----------+-------------------------------------------
     0 | Abyss:1  | Monsterracer the Vampire Abyssal Knight began the quest for the Orb.
     0 | Abyss:1  | Reached XP level 1. HP: 17/17 MP: 2/2
    70 | Abyss:1  | Noticed a tentacled starspawn
    72 | D:1      | Escaped the Abyss
   210 | D:1      | Reached * piety under Lugonu
   264 | D:1      | Reached XP level 2. HP: 22/23 MP: 3/3
   587 | D:1      | Reached skill level 3 in Long Blades
   833 | D:2      | HP: 8/23 [worm (9)]
   897 | D:2      | HP: 5/23 [worm (10)]
   898 | D:2      | HP: 1/23 [worm (4)]
  1164 | D:2      | HP: 11/23 [poisoned by a kobold]
  1171 | D:2      | HP: 10/23 [poisoned by a kobold]
  1178 | D:2      | HP: 10/23 [poisoned by a kobold]
  1186 | D:2      | HP: 10/23 [poisoned by a kobold]
  1310 | D:2      | HP: 10/23 [adder (4)]
  1311 | D:2      | Reached XP level 3. HP: 11/28 MP: 4/4
  1315 | D:2      | HP: 8/28 [poisoned by an adder]
  1320 | D:2      | HP: 6/28 [poisoned by an adder]
  1326 | D:2      | HP: 5/28 [poisoned by an adder]
  1334 | D:2      | HP: 5/28 [poisoned by an adder]
  1453 | D:2      | Reached skill level 4 in Long Blades
  1600 | D:2      | Reached XP level 4. HP: 34/34 MP: 5/5
  1610 | D:2      | Reached ** piety under Lugonu
  1884 | D:3      | HP: 13/34 [orc wizard/magic dart (9)]
  1886 | D:3      | HP: 4/34 [orc wizard/magic dart (4)]
  1886 | D:3      | Killed from afar by an orc wizard

Skill      XL: |  1  2  3 |
---------------+----------+-----
Long Blades    | 3 4 |  4.5
Fighting       | |  2.6
Armour         | |  0.7
Dodging        | |  2.1
Invocations    | |  1.5

Action                   |  1- 3 |  4- 6 || total
-------------------------+-------+-------++-------
Melee: Falchion          |    93 |    24 ||   117
       Bite              |     8 |     2 ||    10
       Short sword       |    16 |       ||    16
Invok: Depart the Abyss  |     1 |       ||     1
  Use: Potion            |     8 |     6 ||    14
Armor: Leather armour    |    23 |     8 ||    31
Dodge: Dodged            |    78 |    36 ||   114
       Rpst.: Falchion   |    23 |     9 ||    32

Vault maps used:
D:1:      zaba_arrival_water
D:3:      cheibrodos_greedy_goblins, lemuel_crystal_altar, first_ration,
          glass_columns_a, led_sif_book
